 Dungeon Crawl Stone Soup version 0.28.0-43-g3370ac3207 (webtiles) character file.

Game seed: 7750040660858445947

14 nickcage the Shield-Bearer (level 2, 0/26 HPs)
             Began as a Minotaur Fighter on Mar 7, 2022.
             Slain by a gnoll
             ... wielding a +0 spear
              (3 damage)
             ... on level 1 of the Dungeon.
             The game lasted 00:01:24 (255 turns).

nickcage the Shield-Bearer (Minotaur Fighter)        Turns: 255, Time: 00:01:24

Health: 0/26       AC:  6    Str: 20    XL:     2   Next: 27%
Magic:  1/1        EV:  5    Int:  5    God:
Gold:   23         SH: 11    Dex:  9    Spells: 1/1 levels left

rFire   . . .      SeeInvis .   a - +0 flail
rCold   . . .      Faith    .   f - +0 tower shield
rNeg    . . .      Spirit   .   b - +0 scale mail
rPois   .          Reflect  .   (helmet restricted)
rElec   .          Harm     .   (no cloak)
rCorr   .          Rampage  .   (no gloves)
Will    .....                   (no boots)
Stlth   ..........              (no amulet)
HPRegen 0.08/turn               (no ring)
MPRegen 0.07/turn               (no ring)

@: no status effects
A: horns 2, retaliatory headbutt
a: no special abilities


You were on level 1 of the Dungeon.
You visited 1 branch of the dungeon, and saw 1 of its levels.

You collected 23 gold pieces.

Inventory:

Hand Weapons
 a - a +0 flail (weapon)
Missiles
 e - 15 stones (quivered)
Armour
 b - a +0 scale mail (worn)
 c - a +0 buckler
 f - a +0 tower shield (worn)
Potions
 d - a potion of might
 g - a potion of attraction {unknown}


   Skills:
 - Level 3.6 Fighting
 + Level 3.6 Maces & Flails
 - Level 3.6 Armour
 - Level 3.6 Shields


You had one spell level left.
You didn't know any spells.
Your spell library was empty.

Dungeon Overview and Level Annotations

Branches:
Dungeon (1/15)

Altars:


Innate Abilities, Weirdness & Mutations

You have a pair of horns on your head.
You reflexively headbutt those who attack you in melee.


Message History

No target in view!
No target in view!
No target in view!
No target in view!
No target in view!
No target in view!
No target in view!
No target in view!
A hobgoblin comes into view.
The hobgoblin shouts!
You see here a scroll labelled ASAEHA QOYPEZ.
A gnoll comes into view. It is wielding a +0 spear.
The gnoll shouts!
You closely miss the hobgoblin. You headbutt the hobgoblin.
You kill the hobgoblin!
You block the gnoll's attack.
You barely miss the gnoll. The gnoll hits you with a +0 spear. x2
You hit the gnoll.
The gnoll is lightly wounded.
The gnoll hits you with a +0 spear.
You are too injured to fight recklessly!
You are too injured to fight recklessly!
You are too injured to fight recklessly!
You barely miss the gnoll.
The gnoll is lightly wounded.
The gnoll hits you but does no damage. You block the gnoll's attack.
You hit the gnoll but do no damage.
The gnoll is lightly wounded.
You block the gnoll's attack.
You hit the gnoll.
The gnoll is moderately wounded.
The gnoll hits you with a +0 spear.
* * * LOW HITPOINT WARNING * * *
You block the gnoll's attack.
You barely miss the gnoll.
The gnoll is moderately wounded.
The gnoll hits you with a +0 spear.
* * * LOW HITPOINT WARNING * * *
The gnoll hits you with a +0 spear.
You die...

#####.##..#####
###
#......†####....
#....#..........#
#.#.............#
..####....?.....#
.# #..........#
#...........#
#...........#
#.@..........
.......g........#.
#.####............
..########### ...
.... ..... ######


You could see a gnoll.

Vanquished Creatures
  2 endoplasms (D:1)
  A giant cockroach (D:1)
  2 hobgoblins (D:1)
  4 kobolds (D:1)
  A quokka (D:1)
  A bat (D:1)
  A rat (D:1)
12 creatures vanquished.

Notes
Turn   | Place    | Note
-------+----------+-------------------------------------------
     0 | D:1      | nickcage the Minotaur Fighter began the quest for the Orb.
     0 | D:1      | Reached XP level 1. HP: 19/19 MP: 0/0
   102 | D:1      | Reached XP level 2. HP: 24/25 MP: 1/1
   255 | D:1      | Slain by a gnoll

Illustrated notes

Levels and vault maps discovered:
D:1:      erik_arrival_orb_chamber, layout_rooms

Skill      XL: |  1 |
---------------+----+-----
Maces & Flails | 3 |  3.6
Fighting       | |  3.6
Armour         | |  3.6
Shields        | |  3.6

Action                   || total
-------------------------++-------
Melee: Flail             ||    34
       Headbutt          ||     4
Armor: Scale mail        ||    17
Dodge: Dodged            ||    13
Block: Tower shield      ||    13
       Buckler           ||     4
